 Dungeon Crawl Stone Soup version 0.19.1 (webtiles) character file.

14928 nikopol the Cleaver (level 11, -1/101 HPs)
             Began as a Minotaur Berserker on Dec 6, 2016.
             Was a High Priest of Trog.
             Slain by a salamander
             ... wielding a +4 trident
              (14 damage)
             ... in a volcano.
             The game lasted 00:31:42 (11937 turns).

nikopol the Cleaver (Minotaur Berserker)           Turns: 11937, Time: 00:31:42

Health: -1/101     AC: 22    Str: 25    XL:     11   Next: 95%
Magic:  10/10      EV: 12    Int:  4    God:    Trog [*****.]
Gold:   841        SH:  0    Dex: 13    Spells: 0 memorised, 10 levels left

rFire  . . .     SeeInvis +     z - +0 shortbow
rCold  . . .     Gourm    .     C - +5 plate armour of Spin the Turtle {SInv}
rNeg   . . .     Faith    .     (shield currently unavailable)
rPois  .         Spirit   .     (helmet restricted)
rElec  .         Reflect  .     B - +1 cloak
rCorr  +         Harm     .     (no gloves)
MR     .....                    (no boots)
Stlth  ..........               (no amulet)
                                E - ring of resist corrosion
                                k - +3 ring of strength

@: no status effects
A: retaliatory headbutt, horns 2
a: Berserk, Trog's Hand, Brothers in Arms, Burn Spellbooks, Renounce Religion


You were in a volcano.
You worshipped Trog.
Trog was extremely pleased with you.
You were very hungry.

You visited 2 branches of the dungeon, and saw 12 of its levels.
You also visited: Bailey and Volcano.

You collected 841 gold pieces.

Inventory:

Hand Weapons
 a - a +5 battleaxe of flaming
 z - a +0 shortbow (weapon)
Missiles
 h - 182 arrows (quivered)
Armour
 y - the +5 plate armour of Soaj {rPois rF+ Dex+2, unknown}
   (You found it on level 6 of the Dungeon)

   It affects your dexterity (+2).
   It protects you from fire.
   It protects you from poison.
 B - a +1 cloak (worn)
 C - the +5 plate armour of Spin the Turtle (worn) {SInv}
   (You found it on level 4 of the Dungeon)

   It lets you see invisible.
 W - the +2 ring mail of Cocytus {*Contam rC+ Regen+, unknown}
   (You found it on level 9 of the Dungeon)

   It protects you from cold.
   It causes magical contamination when unequipped.
   It increases your rate of regeneration.
Jewellery
 k - a +3 ring of strength (left hand)
 E - a ring of resist corrosion (right hand)
Scrolls
 d - 8 scrolls of enchant armour
 f - 5 scrolls of remove curse
 g - 4 scrolls of fear
 i - 2 scrolls of teleportation
 m - a scroll of acquirement {unknown}
 n - a scroll of vulnerability {unknown}
 v - a scroll of holy word {unknown}
 J - a scroll of magic mapping
 N - 2 scrolls of enchant weapon {unknown}
 O - 3 scrolls of summoning
 V - 2 scrolls of silence {unknown}
 X - a scroll of blinking {unknown}
 Z - 2 scrolls of fog {unknown}
Potions
 b - a potion of magic
 e - 2 potions of cancellation
 j - a potion of haste
 s - 2 potions of cure mutation {unknown}
 u - 2 potions of mutation {unknown}
 w - 3 potions of heal wounds {unknown}
 D - a potion of agility {unknown}
 F - 4 potions of flight {unknown}
 G - 9 potions of curing
 I - a potion of invisibility {unknown}
 P - 3 potions of might
 S - 3 potions of resistance {unknown}
 T - a potion of experience {unknown}
Comestibles
 c - 7 bread rations
 q - a beef jerky
 A - 3 meat rations
 K - 5 fruits
 Q - 10 royal jellies


   Skills:
 + Level 10.3 Fighting
 * Level 12.4 Axes
 * Level 9.8 Bows
 + Level 10.2 Armour
 + Level 9.1 Dodging


You had 10 spell levels left.
You didn't know any spells.

Dungeon Overview and Level Annotations

Branches:
Dungeon (11/15)            Temple (0/1) D:6            Lair (1/6) D:11
    Orc: D:9-12

Altars:
Gozag
Qazlal
Trog
Xom
Zin
The Shining One

Shops:
D:5 *


Innate Abilities, Weirdness & Mutations

You reflexively headbutt those who attack you in melee.
You have a pair of horns on your head.


Message History

Your troll barely misses the salamander.
Your troll claws the salamander!
Your troll claws the salamander!!
The salamander closely misses your troll.
Your troll barely misses the salamander.
Your troll claws the salamander!
Your troll claws the salamander.
The salamander hits your troll with an enchanted trident!
Your troll dies!
Your troll's corpse disappears in a puff of smoke!
Wield which item (- for none, * to show all)? (? for menu, Esc to quit)
Your +5 battleaxe of flaming stops flaming.
z - a +0 shortbow (weapon)
You are too injured to fight recklessly!
Firing (i - inventory):
h - 183 arrows (quivered)
Press: ? - help, Shift-Dir - straight line, f/p - salamander
Aim: a salamander, wielding an enchanted trident (blue smoke, almost dead)
You shoot an arrow.
The arrow hits the salamander but does no damage.
The salamander is almost dead.
The salamander hits you from afar with an enchanted trident!
You die...

#.....§§§§§≈§§≈≈≈§§§§§
#...§§§≈≈≈≈≈§§≈§§§≈≈≈§ .
#...§≈§§§≈≈≈≈≈≈§≈≈§≈§§ ..
#.....≈≈≈≈≈§≈≈≈≈≈≈≈§§§
#..
##.....≈≈≈≈§≈≈§§≈≈≈≈§≈
#.. ###....§§≈≈§≈§≈≈§≈≈≈.
#(. ##....§§§≈≈≈§≈≈≈≈≈§.
#(.###8....§≈≈≈≈≈≈≈§≈..§.
+∩.'.)N.@...≈§§≈≈≈≈....§.
#..###8....§.≈≈§§§.......
#.. ###........§§....###
#.. ##..........#### #..
####..###### .. #### .


You could see a salamander.

Vanquished Creatures
  The ghost of Philogelos the Bludgeoner, a journeyman MiFi of Trog (D:11)
  Urug (D:10)
  A hill giant (D:10)
  3 orc knights (Bailey)
  The ghost of Philosophy the Poker, a novice MfGl (D:7)
  An ugly thing (D:11)
  A cyclops (D:11)
  A komodo dragon (Lair:1)
  3 trolls
  A hornet (D:9)
  2 hippogriffs (D:11)
  A basilisk (D:11)
  6 fire bats (Volcano)
  3 wyverns
  9 yaks (D:11)
  A hungry ghost (D:11)
  Edmund (D:6)
  2 porcupines (Lair:1)
  2 water moccasins
  9 orc warriors
  3 sky beasts
  2 eyes of draining (D:6)
  7 ogres
  4 centaurs
  4 wolves (D:11)
  4 big kobolds
  A wyvern zombie (D:11)
  7 bullfrogs
  2 scorpions
  3 killer bees (D:8)
  5 wights (D:7)
  3 electric eels (D:11)
  3 crimson imps
  6 lava snakes (Volcano)
  A centaur zombie (D:5)
  10 orc wizards
  5 hounds
  4 jellies
  5 orc priests
  4 bullfrog skeletons
  An iron imp (D:8)
  An iguana (D:7)
  Ijyb (D:2)
  Natasha (thrice) (D:4 D:5)
  2 worker ants
  Terence (D:2)
  A hound zombie (D:6)
  2 howler monkey skeletons
  12 adders
  4 gnolls
  2 shadow imps (D:5)
  6 oozes
  2 adder skeletons
  An adder zombie (D:5)
  A worm (D:5)
  4 dart slugs
  3 leopard geckos
  56 orcs
  3 ball pythons
  8 giant cockroaches
  8 hobgoblins
  7 jackals
  4 quokkas
  A ball python skeleton (D:4)
  6 bats
  5 frilled lizards
  12 goblins
  A goblin skeleton (D:8)
  A goblin zombie (D:8)
  A hobgoblin zombie (D:8)
  A jackal zombie (D:8)
  29 kobolds
  An orc skeleton (D:8)
  4 orc zombies (D:8)
  9 rats
337 creatures vanquished.

Vanquished Creatures (collateral kills)
  A salamander (Volcano)
  An orc warrior (Bailey)
2 creatures vanquished.

Vanquished Creatures (others)
  A bat (D:2)
1 creature vanquished.

Grand Total: 340 creatures vanquished

Notes
Turn   | Place    | Note
-------+----------+-------------------------------------------
     0 | D:1      | nikopol the Minotaur Berserker began the quest for the Orb.
     0 | D:1      | Reached XP level 1. HP: 19/19 MP: 0/0
   260 | D:1      | Reached XP level 2. HP: 25/27 MP: 1/1
   863 | D:2      | Noticed Ijyb
   877 | D:2      | Killed Ijyb
   877 | D:2      | Reached skill level 4 in Axes
   877 | D:2      | Reached XP level 3. HP: 12/33 MP: 2/2
  1210 | D:2      | Noticed Terence
  1220 | D:2      | Killed Terence
  1220 | D:2      | Reached XP level 4. HP: 39/41 MP: 3/3
  1388 | D:2      | Reached ** piety under Trog
  1565 | D:2      | Found a stormy altar of Qazlal.
  2251 | D:3      | Reached XP level 5. HP: 44/47 MP: 4/4
  2529 | D:3      | Reached *** piety under Trog
  2541 | D:3      | Reached XP level 6. HP: 33/55 MP: 5/5
  2796 | D:4      | Reached skill level 5 in Fighting
  2796 | D:4      | Reached skill level 5 in Axes
  2796 | D:4      | Reached skill level 5 in Armour
  3017 | D:4      | Noticed Natasha
  3024 | D:4      | Killed Natasha
  3105 | D:4      | Reached XP level 7. HP: 61/61 MP: 6/6
  3272 | D:4      | Reached skill level 5 in Dodging
  3407 | D:4      | Found a glowing silver altar of Zin.
  3533 | D:4      | Got a translucent plate armour
  3753 | D:4      | Noticed Natasha
  3757 | D:4      | Killed Natasha
  3994 | D:5      | Entered Level 5 of the Dungeon
  4011 | D:5      | Noticed Natasha
  4016 | D:5      | Killed Natasha
  4135 | D:5      | Reached skill level 6 in Axes
  4417 | D:5      | Identified the +5 plate armour of Spin the Turtle {SInv} (You found it on level 4 of the Dungeon)
  4609 | D:5      | Found an opulent altar of Gozag.
  4612 | D:5      | Found Gozag's Platinum Reserve.
  4658 | D:5      | Reached skill level 1 in Bows
  4658 | D:5      | Reached XP level 8. HP: 71/71 MP: 7/7
  5057 | D:6      | Reached **** piety under Trog
  5067 | D:6      | Reached skill level 7 in Axes
  5073 | D:6      | Got a heavily runed plate armour
  5102 | D:6      | Found a stormy altar of Qazlal.
  5373 | D:6      | Found a staircase to the Ecumenical Temple.
  5569 | D:6      | Noticed Edmund
  5579 | D:6      | Killed Edmund
  5677 | D:6      | Received a gift from Trog
  5717 | D:6      | Reached XP level 9. HP: 72/79 MP: 0/8
  5725 | D:6      | Found a bloodstained altar of Trog.
  5994 | D:7      | Reached skill level 8 in Axes
  6576 | D:7      | Noticed Philosophy's ghost (novice MfGl)
  6589 | D:7      | Killed Philosophy's ghost
  6589 | D:7      | Reached skill level 5 in Bows
  6596 | D:7      | Reached skill level 9 in Axes
  7075 | D:8      | Found a glowing golden altar of the Shining One.
  7231 | D:8      | Reached XP level 10. HP: 80/88 MP: 9/9
  7237 | D:8      | Reached ***** piety under Trog
  7474 | D:9      | Found a flagged portal.
  7483 | Bailey   | Entered a bailey
  7869 | Bailey   | Noticed an orc knight
  7899 | Bailey   | Killed an orc knight
  7899 | Bailey   | Reached skill level 10 in Axes
  8069 | Bailey   | Noticed an orc knight
  8112 | Bailey   | Killed an orc knight
  8204 | Bailey   | Noticed an orc knight
  8224 | Bailey   | Killed an orc knight
  8635 | D:9      | Found a shimmering altar of Xom.
  8738 | D:9      | Got an encrusted ring mail
  9128 | D:10     | Entered Level 10 of the Dungeon
  9324 | D:10     | Reached skill level 11 in Axes
  9560 | D:10     | Received a gift from Trog
  9659 | D:10     | Noticed a hill giant
  9666 | D:10     | Killed a hill giant
  9739 | D:10     | Reached XP level 11. HP: 92/97 MP: 10/10
 10152 | D:10     | Noticed Urug
 10300 | D:10     | Killed Urug
 10676 | D:11     | Found a staircase to the Lair.
 10676 | D:11     | Noticed a red ugly thing
 10698 | D:11     | Killed a red ugly thing
 10706 | D:11     | Noticed Philogelos's ghost (journeyman MiFi)
 10892 | D:11     | Killed Philogelos's ghost
 11008 | D:11     | Reached skill level 12 in Axes
 11082 | D:11     | Reached skill level 10 in Fighting
 11444 | Lair:1   | Entered Level 1 of the Lair of Beasts
 11568 | Lair:1   | Reached skill level 10 in Armour
 11588 | Lair:1   | Found a dark tunnel.
 11596 | Volcano  | Entered a volcano
 11937 | Volcano  | Slain by a salamander

Skill      XL: |  1  2  3  4  5  6  7  8  9 10 11 |
---------------+----------------------------------+-----
Fighting       | 4 5 6 7 8 9 10 | 10.3
Axes           | 4 5 6 7 9 11 12 | 12.4
Armour         | 3 4 5 6 7 8 10 | 10.2
Dodging        | 3 4 5 6 7 8 9 |  9.1
Bows           | 1 3 6 8 9 |  9.8

Action                   |  1- 3 |  4- 6 |  7- 9 | 10-12 || total
-------------------------+-------+-------+-------+-------++-------
Melee: Hand axe          |    60 |   138 |   242 |       ||   440
       Headbutt          |    10 |    26 |    72 |    39 ||   147
       War axe           |       |       |    60 |   116 ||   176
       Battleaxe         |       |       |       |    84 ||    84
 Fire: Shortbow          |       |       |   113 |   264 ||   377
Invok: Berserk           |     2 |     1 |     1 |     6 ||    10
       Burn Spellbooks   |       |       |     1 |       ||     1
       Brothers in Arms  |       |       |       |     2 ||     2
  Use: Scroll            |       |       |     1 |    14 ||    15
  Eat: Chunk             |     2 |     7 |    15 |    19 ||    43
       Beef jerky        |       |       |       |     1 ||     1
Armor: Animal skin       |    11 |       |       |       ||    11
       Ring mail         |       |    39 |    41 |       ||    80
       Plate armour      |       |       |   115 |   168 ||   283
Dodge: Dodged            |    37 |    82 |   171 |   156 ||   446
